 Dungeon Crawl Stone Soup version 0.30.1-11-g7821555f0a (webtiles) character file.

Game seed: 10017460924971894181

119 Martska the Covered (level 5, -3/38 HPs)
             Began as a Human Wanderer on Dec 1, 2023.
             Slain by a gnoll
             ... wielding a +0 halberd
              (11 damage)
             ... on level 4 of the Dungeon.
             The game lasted 00:06:31 (2785 turns).

Martska the Covered (Human Wanderer)                Turns: 2785, Time: 00:06:31

Health: -3/38      AC: 12    Str: 12 (14) XL:     5   Next: 23%
Magic:  9/9        EV:  9    Int: 11 (12) God:
Gold:   237        SH:  0    Dex: 11 (13) Spells: 10/10 levels left

rFire   . . .        j - +0 rapier
rCold   . . .        (no shield)
rNeg    . . .        c - +2 scale mail
rPois   .            l - +0 helmet
rElec   .            (no cloak)
rCorr   .            (no gloves)
SInv    .            h - +1 pair of boots
Will    .....        (no amulet)
Stlth   +            (no ring)
HPRegen 0.26/turn    (no ring)
MPRegen 0.11/turn

%: no passive effects
@: no status effects
A: no striking features
a: no special abilities


You were on level 4 of the Dungeon.
You visited 1 branch of the dungeon, and saw 4 of its levels.

You collected 237 gold pieces.

Inventory:

Hand Weapons
 a - a +0 dagger
 j - a +0 rapier (weapon)
Missiles
 b - 7 poisoned darts (quivered)
Armour
 c - a +2 scale mail (worn)
 h - a +1 pair of boots (worn)
 l - a +0 helmet (worn)
Jewellery
 m - an amulet of faith
Scrolls
 f - a scroll of butterflies {unknown}
 k - a scroll of blinking {unknown}
 o - 4 scrolls of fear {unknown}
 p - a scroll of magic mapping {unknown}
 r - a scroll of poison {unknown}
 s - a scroll of enchant armour {unknown}
Potions
 d - a potion of curing
 e - a potion of degeneration
 g - a potion of resistance
 i - a potion of lignification {unknown}


   Skills:
 - Level 2.1 Fighting
 * Level 1.7 Short Blades
 - Level 1.0 Throwing
 - Level 3.4 Armour
 * Level 2.5 Dodging
 - Level 2.3 Stealth
 - Level 3.0 Spellcasting


You had 10 spell levels left.
You didn't know any spells.
Your spell library contained the following spells:

 Spells                   Type           Power      Damage    Failure   Level
 Poisonous Vapours        Pois/Air       2%         N/A       88%         2
 Static Discharge         Conj/Air       2%         2-3/arc   88%         2


Dungeon Overview and Level Annotations

Branches:
Dungeon (4/15)
 Temple: D:4-7

Altars:

Annotations:
D:3 3 runed translucent doors, cariele's ghost, amateur KoFi


Message History

The gnoll hits you with a +0 halberd.
You hit the gnoll but do no damage. The gnoll closely misses you.
You hit the gnoll.
The gnoll is moderately wounded.
The gnoll closely misses you.
You barely miss the gnoll.
The gnoll is moderately wounded.
The gnoll hits you with a +0 halberd!
You hit the gnoll but do no damage.
The gnoll is moderately wounded.
The gnoll hits you with a +0 halberd.
You are too injured to fight recklessly!
You are too injured to fight recklessly!
You are too injured to fight recklessly!
You hit the gnoll but do no damage.
The gnoll is moderately wounded.
The gnoll hits you but does no damage.
You hit the gnoll.
The gnoll is heavily wounded.
The gnoll misses you.
You hit the gnoll but do no damage.
The gnoll is heavily wounded.
The gnoll barely misses you. The gnoll closely misses you.
You hit the gnoll.
The gnoll is almost dead.
The gnoll hits you with a +0 halberd.
You closely miss the gnoll.
The gnoll is almost dead.
The gnoll hits you but does no damage.
You closely miss the gnoll.
The gnoll is almost dead.
The gnoll hits you with a +0 halberd!
* * * LOW HITPOINT WARNING * * *
You hit the gnoll but do no damage.
The gnoll is severely wounded.
The gnoll closely misses you.
You barely miss the gnoll.
The gnoll is severely wounded.
The gnoll hits you with a +0 halberd!
You die...

######## #######
#......#####.....#####
+......#...#.....#...#
#......#...'.....'...#
#......#...#.....#...#
##....รท.#####g....#K..#
............@.....##g######
..................#.r.....#
.........<........+.......+
..................#...g...#
..................#+##'####
...#######+####..............
... #.............. ..
#<.............
..............


You could see a gnoll.

Vanquished Creatures
  An orc wizard (D:3)
  2 gnolls (D:3)
  3 worms (D:2)
  2 dart slugs (D:1)
  2 orcs (D:3)
  7 ball pythons
  7 bats
  2 endoplasms (D:1)
  6 giant cockroaches
  3 goblins
  2 hobgoblins
  8 jackals
  2 quokkas (D:3)
  4 frilled lizards
  6 kobolds
  3 rats
60 creatures vanquished.

Notes
Turn   | Place    | Note
-------+----------+-------------------------------------------
     0 | D:1      | Martska the Human Wanderer began the quest for the Orb.
     0 | D:1      | Martska set off with the following items: a +0 dagger, 7
                  | poisoned darts, a +2 scale mail, a potion of curing; and
                  | the following spells available to memorise: Poisonous
                  | Vapours, Static Discharge.
     0 | D:1      | Reached XP level 1. HP: 15/15 MP: 4/4
   139 | D:1      | Reached XP level 2. HP: 20/21 MP: 6/6
   373 | D:1      | Reached skill level 1 in Dodging
   385 | D:1      | Reached XP level 3. HP: 27/27 MP: 7/7
  1269 | D:2      | Reached XP level 4. HP: 33/33 MP: 8/8
  1592 | D:3      | Found a runed translucent gate.
  1593 | D:3      | Found a runed translucent gate.
  1594 | D:3      | Found a runed translucent gate.
  1594 | D:3      | Noticed cariele's ghost (amateur KoFi)
  2458 | D:3      | Reached skill level 1 in Short Blades
  2583 | D:3      | Reached XP level 5. HP: 14/38 MP: 9/9
  2785 | D:4      | Slain by a gnoll

Illustrated notes

Levels and vault maps discovered:
D:1:      co_arrival_random_square_maze, layout_loops_ring
D:2:      layout_basic, chequers_serial_rivers_micro_b
D:3:      layout_loops_corners, gammafunk_ghost_split
D:4:      layout_gridville, elyvilon_altar_3, st_stairs_1, uniq_ijyb,
          uniq_robin, uniq_natasha

Skill      XL: |  1  2  3  4 |
---------------+-------------+-----
Dodging        | 1 2 |  2.5
Fighting       | 2 |  2.1
Short Blades   | 1 |  1.7
Throwing       | |  1.0
Armour         | |  3.4
Stealth        | |  2.3
Spellcasting   | |  3.0

Action                     |  1- 3 |  4- 6 || total
---------------------------+-------+-------++-------
  Melee: Dagger            |   217 |       ||   217
         Punch             |     2 |     2 ||     4
         Rapier            |    15 |   129 ||   144
    Use: Potion            |       |     9 ||     9
 Armour: Scale mail        |   167 |   116 ||   283
  Dodge: Dodged            |   163 |    76 ||   239
